 Dungeon Crawl Stone Soup version 0.25.1-8-g42b30a86e7 (webtiles) character file.

Game seed: 17269340007266836718

348 Azimut41r the Cutter (level 6, -9/39 HPs)
             Began as a Halfling Artificer on Dec 13, 2020.
             Was an Initiate of Dithmenos.
             Mangled by a fire elemental (16 damage)
             ... created by the adversity of Qazlal
             ... on level 2 of the Dungeon.
             The game lasted 00:27:10 (3301 turns).

Azimut41r the Cutter (Halfling Artificer)           Turns: 3301, Time: 00:27:11

Health: -9/39      AC:  3    Str: 13    XL:     6   Next: 91%
Magic:  8/8        EV: 15    Int: 10    God:    Dithmenos [......]
Gold:   155        SH:  0    Dex: 16    Spells: 5/5 levels left

rFire    x x .     SeeInvis .   s - +1 dagger (venom)
rCold    x x .     Gourm    .   (shield restricted)
rNeg     . . .     Faith    .   b - +0 leather armour
rPois    .         Spirit   .   (no helmet)
rElec    .         Reflect  .   (no cloak)
rCorr    .         Harm     .   (no gloves)
MR       .....                  (no boots)
Stlth    ++........             (no amulet)
HPRegen  0.13/turn              (no ring)
MPRegen  0.11/turn              (no ring)

@: no status effects
A: small, mutation resistance 1, [cold vulnerability 2], [heat vulnerability 2]
a: Renounce Religion


You were on level 2 of the Dungeon.
You worshipped Dithmenos.
Dithmenos was noncommittal.
You were not hungry.

You visited 1 branch of the dungeon, and saw 3 of its levels.

You collected 155 gold pieces.

Inventory:

Hand Weapons
 a - a +0 short sword
 p - a +0 antimagic spear
 s - a +1 dagger of venom (weapon)
Missiles
 h - 3 javelins
 t - 45 poisoned darts (quivered)
Armour
 b - a +0 leather armour (worn)
 u - a +0 helmet
 w - a +0 robe
 y - a +0 scale mail
Jewellery
 n - an uncursed ring of positive energy {unknown}
 v - an uncursed amulet of regeneration {unknown}
Wands
 c - a wand of flame (9)
 d - a wand of enslavement (12)
 e - a wand of random effects (26)
Scrolls
 g - 2 scrolls of amnesia {unknown}
 i - 2 scrolls of magic mapping {unknown}
 k - 2 scrolls of fear {unknown}
 o - a scroll of teleportation {unknown}
 q - a scroll of enchant weapon {unknown}
 r - 4 scrolls of remove curse {unknown}
Potions
 j - a potion of curing
 l - a potion of berserk rage {unknown}
 x - a potion of haste {unknown}
 z - a potion of flight {unknown}
Comestibles
 f - 6 rations
 m - 3 chunks of flesh


   Skills:
 + Level 1.8 Fighting
 + Level 4.2 Short Blades
 + Level 2.8 Armour
 + Level 3.2 Dodging
 + Level 3.1 Stealth
 + Level 3.9 Evocations


You had 5 spell levels left.
You didn't know any spells.
Your spell library was empty.

Dungeon Overview and Level Annotations

Branches:
Dungeon (3/15)

Altars:
Ashenzari
Dithmenos
Hepliaklqana
Qazlal
Trog
Vehumet
Xom


Innate Abilities, Weirdness & Mutations

You are small and have problems with some larger weapons.
You are somewhat resistant to further mutation.
[You are very vulnerable to cold. (rC--)]
[You are very vulnerable to heat. (rF--)]


Message History

The adder completely misses you. The fire elemental closely misses you.
You feel better. The adder bites you but does no damage.
The fire elemental barely misses you. The adder closely misses you.
The fire elemental hits you. The fire elemental burns you!
* * * LOW HITPOINT WARNING * * *
The adder completely misses you. The fire elemental closely misses you.
The adder barely misses you.
Some of the chunks of flesh in your inventory have rotted away.
The adder misses you.
There is a stone staircase leading up here.
The fire elemental misses you.
The fire elemental completely misses you.
You feel vulnerable to heat. x2
Qazlal strips away your elemental protection.
The fire elemental misses you.
There are monsters nearby!
The fire elemental hits you. The fire elemental burns you!
The fire burns you terribly!
You die...

#.#.### ###
#.....##############.##
#<#.#............##.#.##
...................###.#
..#.#.##########.##.#>##
#.....# #.###.## ###...#
#.# #.# # ##### #.# #.#
# ############@# #># #
#...........E# #.# #
#.#########.○# #.# # #.#
#######☼.# #.####### #
#.###.....#○.# #.......#
# #.........#°S#
#######.# #
#.........#°.# #.#
#.........#..# #.#
#.........#.##########.#


You could see a fire elemental and an adder.

Vanquished Creatures
  Sigmund (D:2)
  An orc wizard (D:3)
  Terence (D:3)
  Robin (D:2)
  4 adders (D:2)
  A shadow imp (D:2)
  An ooze (D:2)
  3 worms (D:2)
  2 dart slugs
  2 leopard geckos
  5 orcs (D:3)
  A ball python (D:1)
  9 bats
  A giant cockroach (D:2)
  12 hobgoblins
  2 quokkas
  6 frilled lizards
  12 goblins
  A kobold (D:2)
  5 rats
71 creatures vanquished.

Notes
Turn   | Place    | Note
-------+----------+-------------------------------------------
     0 | D:1      | Azimut41r the Halfling Artificer began the quest for the
                  | Orb.
     0 | D:1      | Reached XP level 1. HP: 12/12 MP: 3/3
   379 | D:1      | Reached XP level 2. HP: 12/18 MP: 4/4
  1053 | D:1      | Reached skill level 1 in Fighting
  1153 | D:1      | Reached skill level 2 in Short Blades
  1153 | D:1      | Reached XP level 3. HP: 23/23 MP: 5/5
  1673 | D:2      | Reached XP level 4. HP: 28/28 MP: 6/6
  1757 | D:2      | Reached skill level 1 in Armour
  1976 | D:2      | Noticed Robin
  1995 | D:2      | Killed Robin
  2223 | D:2      | Reached XP level 5. HP: 32/33 MP: 7/7
  2238 | D:2      | Found a stormy altar of Qazlal.
  2249 | D:2      | Became a worshipper of Qazlal Stormbringer
  2255 | D:2      | Fell from the grace of Qazlal
  2361 | D:2      | Reached skill level 3 in Short Blades
  2372 | D:2      | Found a radiant altar of Vehumet.
  2372 | D:2      | Found a bloodstained altar of Trog.
  2373 | D:2      | Found a shimmering altar of Xom.
  2415 | D:2      | Noticed Sigmund
  2421 | D:2      | Killed Sigmund
  2421 | D:2      | Reached XP level 6. HP: 38/38 MP: 8/8
  2940 | D:3      | Noticed Terence
  2947 | D:3      | Killed Terence
  2947 | D:3      | Reached skill level 4 in Short Blades
  2974 | D:3      | Found a hazy altar of Hepliaklqana.
  2974 | D:3      | Found a shattered altar of Ashenzari.
  2979 | D:3      | Found a shadowy altar of Dithmenos.
  2990 | D:3      | Became a worshipper of Dithmenos the Shadowed
  3267 | D:3      | Noticed a basilisk
  3267 | D:3      | Noticed a fire elemental
  3301 | D:2      | Mangled by a fire elemental

Illustrated notes

Levels and vault maps discovered:
D:1:      saegor_arrival_under_anarchy, layout_basic, kennysheep_flooded_box
D:2:      layout_loops_ring, gammafunk_temple_overflow_claw,
          nicolae_qazlal_eye_of_the_storm, uniq_robin, uniq_sigmund
D:3:      kennysheep_big_flooded_room, layout_basic,
          gammafunk_temple_overflow_forgotten, first_ration, minivault_5,
          minivault_26, uniq_terence

Skill      XL: |  1  2  3  4  5  6 |
---------------+-------------------+-----
Fighting       | 1 |  1.8
Short Blades   | 2 3 4 |  4.2
Armour         | 1 2 |  2.8
Stealth        | 2 3 |  3.1
Dodging        | 3 |  3.2
Evocations     | |  3.9

Action                   |  1- 3 |  4- 6 || total
-------------------------+-------+-------++-------
Melee: Short sword       |    80 |       ||    80
       Dagger            |    29 |   115 ||   144
Invok: Renounce Religion |       |     1 ||     1
Evoke: Wand              |       |    11 ||    11
  Use: Potion            |     1 |     1 ||     2
 Stab: Sleeping          |     4 |     3 ||     7
  Eat: Chunk             |     2 |     6 ||     8
Armor: Leather armour    |    26 |    23 ||    49
Dodge: Dodged            |    67 |   107 ||   174
